Map: Ruins of Seras

Players

MorN

  • Race: Terran Terran
  • League: Master

DrDevice - Winner!

  • Race: Terran Terran
  • League: Master

VOD

Have the link to the VOD?

Description

Time

  • Played on: Nov. 22, 2015, 10 p.m.
  • Length: 14:26
Show
View Real Time Build Order
Export as new Build Order

MorN Terran 

Build Orders: MMM Bio 

Get SALT Encoding   

  12  0:00  SCV  
  13  0:13  SCV  
  14  0:18  Supply Depot  
  14  0:25  SCV  
  15  0:28  Refinery  
  15  0:39  SCV  
  16  0:46  Barracks  
  16  0:52  SCV  
  17  1:04  SCV  
  18  1:17  SCV  
  19  1:32  Orbital Command  
  19  1:33  Marine  
  20  1:48  Command Center  
  20  1:59  Factory  
  20  2:03  Marine  
  21  2:11  Supply Depot  
  21  2:17  SCV  
  21  2:21  Marine  
  23  2:23  Refinery  
  23  2:33  SCV  
  24  2:41  Marine  
  25  2:45  SCV  
  25  2:48  Starport  
  26  2:57  SCV  
  27  3:01  Orbital Command  
  27  3:04  Factory Tech Lab  
  27  3:06  Marine  
  27  3:09  SCV  
  29  3:21  SCV  
  30  3:28  SCV  
  30  3:32  Banshee, Factory Reactor  
  30  3:33  SCV  
  35  3:40  SCV  
  36  3:42  Bunker  
  36  3:45  SCV  
  37  3:51  Marine  
  37  3:52  Supply Depot, SCV  
  39  3:57  SCV  
  40  4:04  SCV  
  40  4:09  SCV  
  42  4:16  SCV, Raven  
  45  4:17  Factory Tech Lab, Supply Depot  
  45  4:18  Marine x2  
  45  4:22  SCV  
  48  4:25  Engineering Bay  
  48  4:28  SCV  
  49  4:35  Command Center  
  49  4:48  Marine x2  
  48  4:54  Widow Mine  
  48  4:56  Terran Infantry Weapons Level 1, SCV  
  48  4:57  Refinery  
  51  5:06  Barracks  
  51  5:07  Starport Reactor  
  51  5:08  SCV  
  51  5:10  Barracks  
  51  5:13  Supply Depot  
  52  5:16  SCV, Stimpack  
  52  5:20  SCV  
  54  5:21  Marine  
  54  5:26  Siege Tank  
  54  5:28  SCV  
  59  5:29  Supply Depot  
  59  5:32  SCV  
  60  5:37  Supply Depot  
  60  5:39  Barracks  
  60  5:40  SCV, Barracks  
  61  5:45  SCV  
  61  5:49  Orbital Command  
  42  6:06  Marine x4  
  40  6:15  Medivac x2  
  44  6:24  Marine x2  
  46  6:27  SCV, Barracks Reactor x2  
  46  6:31  Barracks Reactor  
  47  6:41  SCV x2, Engineering Bay  
  47  6:42  Armory, Refinery  
  47  6:43  Marine x3  
  52  6:53  SCV  
  53  6:54  Terran Infantry Armor Level 1  
  53  6:55  SCV  
  53  7:01  SCV, Marine x3  
  56  7:02  Refinery  
  56  7:04  Marine x4  
  62  7:10  Orbital Command  
  62  7:11  Supply Depot  
  62  7:15  Siege Tank  
  65  7:16  Combat Shields  
  65  7:17  SCV  
  65  7:18  Marine x2  
  68  7:27  Marine x3  
  68  7:28  Marine  
  72  7:32  Terran Infantry Weapons Level 2  
  60  7:45  Marine  
  60  7:46  Marine x4  
  60  7:48  SCV x2  
  60  7:49  SCV  
  70  7:58  Medivac  
  72  7:59  Medivac  
  72  8:00  SCV x2  
  72  8:01  SCV  
  75  8:09  Supply Depot  
  75  8:12  SCV x2  
  77  8:13  SCV  
  77  8:14  Marine x2  
  77  8:15  Marine  
  81  8:21  Siege Tank  
  81  8:26  SCV  
  85  8:28  Marine x3, Medivac  
  85  8:31  Medivac  
  92  8:35  Refinery  
  92  8:40  Marine x3  
  92  8:41  Marine x2  
  97  8:42  SCV  
  97  8:43  SCV  
  97  8:45  SCV  
  100  8:48  Supply Depot  
  99  9:05  Marine  
  99  9:06  Marauder, Marine  
  90  9:17  Marine  
  90  9:18  Marine x5  
  90  9:23  Marine x2  
  98  9:24  SCV x2  
  98  9:27  Medivac x2, Marine  
  103  9:35  Marine x3  
  103  9:36  Missile Turret, Marine x3  
  103  9:37  Terran Infantry Armor Level 2  
  103  9:38  Missile Turret  
  108  9:39  Missile Turret  
  108  9:42  Missile Turret  
  108  9:46  Marine  
  109  9:56  Marine  
  109  9:57  Supply Depot x2, Marine  
  109  10:01  Marine x2  
  109  10:02  Marine  
  109  10:03  Marine  
  109  10:04  Marine  
  107  10:07  Siege Tank  
  108  10:15  Sensor Tower  
  108  10:21  Marine x3  
  110  10:24  Marine x2  
  110  10:25  Marine x3  
  110  10:26  Marine  
  116  10:38  Marine  
  116  10:39  Marine x2  
  116  10:42  Marine x2  
  121  10:43  Marine x4  
  125  11:18  Marine x3  
  125  11:19  Command Center, Marine  
  125  11:21  Marine  
  125  11:23  Marine  
  125  11:28  Marine  
  125  11:31  Marine x2  
  120  11:36  Marine x3  
  120  11:37  Marine  
  120  11:39  Marine  
  93  11:41  Marine  
  93  11:46  Marine  
  90  11:49  Marine x2  
  90  11:53  Marine x2  
  90  11:54  Supply Depot, Marine  
  92  11:55  Supply Depot, Marine  
  92  11:59  Marauder, Marine  
  92  12:03  Marine  
  92  12:07  Marine x2  
  95  12:11  Marine x2  
  95  12:12  SCV, Marine  
  95  12:13  SCV x2  
  101  12:16  Marine  
  101  12:17  Marine  
  101  12:21  Marine, Marauder  
  106  12:25  SCV, Marine x2  
  109  12:31  Marine x3  
  111  12:39  Marine x2  
  111  12:41  Marine  
  111  12:42  Marine  
  111  12:43  Marine x2  
  117  12:49  Siege Tank, Marine x3  
  123  12:57  Marine x2  
  115  12:59  Marine  
  115  13:00  Marauder  
  115  13:01  Marine  
  102  13:12  Marine  
  102  13:20  Planetary Fortress  
  102  13:21  SCV x2, Siege Tank, Marauder  
  102  13:22  SCV  
  102  13:26  Marine x3  
  102  13:27  Marine x4  
  111  13:29  Marine  
  111  13:33  SCV  
  111  13:34  SCV  
  107  13:43  Marauder  
  107  13:44  Marine x4  
  107  13:46  Marine x2  
  107  13:47  Marine  
  103  13:49  Marine  
  106  14:02  Marine x4  
  92  14:04  Marine x2  
Show
View Real Time Build Order
Export as new Build Order

DrDevice Terran - Winner!

Build Orders: Reaper Expand, Bio Tank 

Get SALT Encoding   

  12  0:01  SCV  
  13  0:13  SCV  
  14  0:18  Supply Depot  
  14  0:25  SCV  
  15  0:40  SCV  
  15  0:42  Barracks  
  16  0:46  Refinery  
  16  0:52  SCV  
  17  1:04  SCV  
  18  1:16  SCV  
  19  1:30  Orbital Command  
  19  1:31  Reaper  
  20  1:45  Command Center  
  20  1:55  SCV  
  20  1:58  Supply Depot  
  21  2:03  Barracks Reactor  
  21  2:07  SCV  
  22  2:20  SCV  
  23  2:25  Factory  
  23  2:27  Refinery  
  23  2:32  SCV  
  23  2:39  Marine x2  
  23  2:44  SCV  
  26  2:56  SCV  
  28  2:58  Marine x2  
  28  2:59  Orbital Command  
  29  3:08  SCV  
  29  3:10  Factory Tech Lab, Starport  
  30  3:22  SCV, Marine x2  
  30  3:25  SCV  
  34  3:28  Siege Tank  
  34  3:34  SCV  
  38  3:35  Supply Depot  
  38  3:38  SCV  
  39  3:41  Marine  
  39  3:42  Marine  
  39  3:46  SCV, Medivac  
  44  3:50  SCV  
  45  3:58  SCV  
  45  3:59  Marine x2  
  45  4:02  Supply Depot, SCV  
  49  4:07  Siege Tank  
  52  4:10  SCV  
  52  4:15  Supply Depot  
  54  4:17  SCV  
  54  4:23  Medivac, Marine x2  
  54  4:24  SCV  
  60  4:31  SCV  
  60  4:36  SCV  
  60  4:41  Marine x2  
  60  4:43  SCV  
  60  4:44  Engineering Bay  
  60  4:54  SCV  
  60  4:59  SCV  
  62  5:04  Marine x2  
  62  5:05  Siege Tank  
  62  5:07  SCV  
  68  5:11  SCV  
  68  5:12  Barracks  
  68  5:13  Supply Depot  
  69  5:14  Barracks  
  69  5:15  Missile Turret  
  69  5:16  Missile Turret  
  69  5:28  Marine  
  69  5:34  Refinery, Marine  
  69  5:35  SCV x2, Viking, Refinery  
  75  5:36  Supply Depot  
  75  5:47  SCV x2  
  77  5:54  Marine  
  78  5:58  Marine  
  78  5:59  SCV x2  
  78  6:02  Marine x2  
  80  6:11  SCV x2, Marine  
  80  6:13  Factory Tech Lab  
  80  6:15  Command Center, Barracks  
  80  6:16  Viking, Barracks, Marine  
  78  6:27  Barracks Tech Lab  
  78  6:29  SCV x2  
  80  6:34  Terran Infantry Weapons Level 1, Marine  
  80  6:39  Supply Depot  
  81  6:40  Supply Depot  
  81  6:41  SCV x2, Marine x2  
  85  6:51  Marine  
  85  6:52  Stimpack  
  85  6:53  Combat Shields  
  86  6:55  Starport Reactor  
  86  7:00  Marine  
  86  7:01  SCV x2, Siege Tank  
  92  7:03  Marine  
  92  7:04  Barracks Reactor  
  92  7:05  Barracks Reactor  
  92  7:06  Marine  
  94  7:10  Marine  
  94  7:13  SCV x2  
  94  7:14  Missile Turret  
  97  7:18  Marine  
  97  7:20  Missile Turret  
  97  7:21  Marine  
  99  7:24  Marine  
  99  7:25  SCV x2  
  103  7:37  SCV x2, Marine  
  103  7:38  Siege Tank, Marine  
  103  7:39  Marine, Medivac x2  
  103  7:41  Marine  
  99  7:46  Marine x2  
  99  7:50  SCV x2  
  94  7:55  Marine x3  
  94  7:56  Marine  
  94  7:57  Marine  
  99  7:59  Marine  
  99  8:02  SCV x2  
  99  8:04  Marine x2  
  99  8:05  Orbital Command  
  104  8:10  Siege Tank  
  104  8:12  Missile Turret  
  107  8:13  Missile Turret, Marine x3  
  107  8:14  SCV x2, Marine  
  107  8:15  Marine  
  114  8:20  Marine  
  114  8:22  Marine x2  
  117  8:28  Terran Infantry Armor Level 1  
  117  8:46  SCV x2, Medivac x2, Siege Tank, Marine x7  
  133  8:48  Marine  
  133  8:49  SCV  
  133  8:50  Supply Depot x2  
  135  9:01  SCV  
  136  9:03  Marine x5  
  136  9:04  Marine  
  136  9:05  Marine  
  136  9:08  Marine  
  136  9:17  Medivac x2  
  136  9:21  Marine x5  
  136  9:22  Marine  
  136  9:23  Refinery, Marine  
  136  9:24  Siege Tank, Refinery  
  147  9:25  Marine  
  147  9:28  Factory  
  151  9:33  Command Center  
  151  9:39  Marine x2  
  151  9:42  Marine x4  
  157  9:56  Marine x2  
  157  9:57  Marine x2  
  156  10:00  Marine x2  
  156  10:06  Marine  
  157  10:08  Marine  
  157  10:09  Barracks  
  157  10:11  Barracks, Medivac  
  157  10:17  Armory, Engineering Bay  
  157  10:45  Medivac, Siege Tank, Marine x8  
  170  10:55  Factory Tech Lab  
  170  10:57  Reaper  
  170  11:02  Marine  
  170  11:03  Orbital Command  
  172  11:06  Barracks  
  172  11:08  Barracks x2  
  172  11:11  Marine  
  172  11:12  Marine  
  172  11:13  Marine  
  172  11:14  Marine x2  
  172  11:15  Marine x2  
  172  11:16  Medivac, Marine  
  170  11:20  Marine  
  170  11:24  Siege Tank  
  170  11:28  Marine  
  170  11:29  Marine  
  170  11:31  Marine x2  
  170  11:32  Marine x3  
  166  11:33  Marine x2  
  166  11:37  Siege Tank, Medivac  
  166  11:38  Marine  
  142  11:46  Medivac, Marine  
  125  11:47  Marine  
  125  11:49  Marine x3  
  125  11:50  Marine x2  
  125  11:51  Marine x2  
  128  11:56  Siege Tank, Marine  
  128  12:01  Marine x3  
  124  12:04  Marine  
  124  12:05  Marine  
  124  12:06  Marine  
  124  12:07  Marine x2  
  124  12:08  Marine x2  
  132  12:09  Marine x2  
  132  12:13  Siege Tank  
  132  12:14  Viking, Marine  
  141  12:16  Command Center  
  141  12:19  Marine x3  
  141  12:22  Marine x2  
  145  12:24  Marine  
  145  12:25  Marine x3  
  145  12:26  Marine  
  151  12:36  Marine x4  
  151  12:37  Marine x2  
  154  12:38  Siege Tank  
  154  12:40  Marine x2  
  154  12:42  Marine x2  
  163  12:57  Marine x10  
  163  12:58  Marine  
  156  13:00  Marine x2  
  148  13:14  Siege Tank  
  148  13:15  Siege Tank, Marine x10  
  148  13:16  Marine  
  148  13:18  Marine x2  
  166  13:21  Viking  
  168  13:32  Marine  
  168  13:33  Orbital Command, Marine x5  
  170  13:45  Marine x6  
  170  13:46  Marine  
  170  13:47  Medivac  
  177  13:50  Marine x5  
  177  13:51  Marine  
  179  14:03  Marine x7  
  179  14:08  Marine  
Tags
 
Add a new tag
Caveats
  • Supply blocks, unpowered buildings, or Contaminate may cause inaccurate times.
  • Supply counts are checked every 10 seconds.